 Dungeon Crawl Stone Soup version 0.30-a0-672-gc3a7216ad8 (webtiles) character file.

Game seed: 4931766288541420921

8 Absynth the Ruffian (level 2, 0/25 HPs)
             Began as a Naga Transmuter on Jan 18, 2023.
             Slain by a jackal (3 damage)
             ... on level 1 of the Dungeon.
             The game lasted 00:01:12 (177 turns).

Absynth the Ruffian (Naga Transmuter)                Turns: 177, Time: 00:01:12

Health: 0/25       AC:  1    Str: 12    XL:     2   Next: 8%
Magic:  1/5        EV:  9    Int: 13    God:
Gold:   14         SH:  0    Dex: 11    Spells: 4/5 levels left

rFire   . . .      SeeInvis +      - Unarmed
rCold   . . .      Faith    .    (no shield)
rNeg    . . .      Spirit   .    a - +0 robe
rPois   +          Reflect  .    (helmet currently unavailable)
rElec   .          Harm     .    (no cloak)
rCorr   .          Rampage  .    (no gloves)
Will    .....                    (no barding)
Stlth   +                        (no amulet)
HPRegen 0.24/turn                (no ring)
MPRegen 0.09/turn                (no ring)

@: appendages, very slightly contaminated, very slow
A: horns 2, AC +0, large, see invisible, deformed body, poison resistance,
slowness 2, spit poison 1, naga tail 1
a: Spit Poison, End Transformation


You were on level 1 of the Dungeon.
You had temporarily grown beastly horns.
You visited 1 branch of the dungeon, and saw 1 of its levels.

You collected 14 gold pieces.

Inventory:

Hand Weapons
 c - a +0 spear
Armour
 a - a +0 robe (worn)
Jewellery
 e - a ring of protection from fire
Scrolls
 f - a scroll of enchant weapon {unknown}
 g - a scroll of identify {unknown}
 h - a scroll of immolation {unknown}
Potions
 b - a potion of lignification
 d - a potion of heal wounds {unknown}


   Skills:
 - Level 1.0 Fighting
 - Level 1.5 Dodging
 + Level 1.0 Stealth
 + Level 3.0 Unarmed Combat
 * Level 2.2 Spellcasting
 * Level 2.2 Transmutations


You had 4 spell levels left.
You knew the following spells:

 Your Spells              Type           Power      Damage    Failure   Level
a - Beastly Appendage     Tmut           14%        N/A       10%         1

Your spell library contained the following spells:

 Spells                   Type           Power      Damage    Failure   Level
 Wereblood                Tmut           7%         N/A       16%         2
 Spider Form              Tmut/Pois      4%         N/A       43%         3
 Ice Form                 Ice/Tmut       4%         N/A       83%         4


Dungeon Overview and Level Annotations

Branches:
Dungeon (1/15)

Altars:


Innate Abilities, Weirdness & Mutations

You have temporarily grown beastly horns.
Your serpentine skin is tough. (AC +0)
You have supernaturally acute eyesight. (SInv)
Armour fits poorly on your strangely shaped body.
Your system is resistant to poisons. (rPois)
You cover ground very slowly.
You can spit poison.
You have a snake-like lower body.


Message History

The jackal bites you. x2
You closely miss the jackal.
The jackal is severely wounded.
The jackal bites you.
Casting: Beastly Appendage (safe; 10% risk of failure)
Confirm with . or Enter, or press ? or * to list all spells.
You miscast Beastly Appendage.
Nothing appears to happen.
The jackal bites you.
* * * LOW HITPOINT WARNING * * *
You are too injured to fight recklessly!
You are too injured to fight recklessly!
You hit the jackal.
You kill the jackal!
Your Stealth skill increases to level 1!
You have reached level 2!
Casting: Beastly Appendage (safe; 10% risk of failure)
Confirm with . or Enter, or press ? or * to list all spells.
You grow a pair of large bovine horns.
The jackal bites you.
* * * LOW HITPOINT WARNING * * *
The kobold barely misses you. The jackal bites you.
* * * LOW HITPOINT WARNING * * *
You closely miss the kobold. The jackal barely misses you.
The kobold hits you but does no damage.
You hit the kobold.
The kobold is moderately wounded.
The jackal bites you.
* * * LOW HITPOINT WARNING * * *
The kobold barely misses you.
You closely miss the kobold.
The kobold is moderately wounded.
The jackal closely misses you. The kobold barely misses you.
The jackal closely misses you.
You hit the kobold.
You kill the kobold!
The jackal barely misses you.
You barely miss the jackal. The jackal closely misses you.
You hit the jackal. Your headbutt misses the jackal.
Your punch misses the jackal.
The jackal is almost dead.
The jackal closely misses you. The jackal bites you.
You die...

..# #.#
#.#...#.#.. ###
#.# #.#[..#.#
######.#
#.......#
....##.#
#.#####.#
....##†########.#
.#
.......##.......#
.
....#####.####..#
# ....#
........#####...
....#
..####.)@h.....#
#####
......###......
####### .##.# #


You could see a jackal.

Vanquished Creatures
  A bat (D:1)
  2 endoplasms (D:1)
  A giant cockroach (D:1)
  A jackal (D:1)
  A kobold (D:1)
  A rat (D:1)
7 creatures vanquished.

Notes
Turn   | Place    | Note
-------+----------+-------------------------------------------
     0 | D:1      | Absynth the Naga Transmuter began the quest for the Orb.
     0 | D:1      | Reached XP level 1. HP: 18/18 MP: 3/3
   171 | D:1      | Reached skill level 1 in Stealth
   171 | D:1      | Reached XP level 2. HP: 7/25 MP: 1/5
   177 | D:1      | Slain by a jackal

Illustrated notes

Levels and vault maps discovered:
D:1:      tarquinn_simple_flora_water_f, layout_loops_cross,
          palyth_stone_intersect

Skill      XL: |  1 |
---------------+----+-----
Stealth        | 1 |  1.0
Fighting       | |  1.0
Dodging        | |  1.5
Unarmed Combat | |  3.0
Spellcasting   | |  2.2
Transmutations | |  2.2

Action                   || total
-------------------------++-------
Melee: Unarmed           ||    21
       Headbutt          ||     1
 Cast: Beastly Appendage ||     4
Armor: Robe              ||     3
Dodge: Dodged            ||    18

Table legend: (Time is in decaauts)
 A = Elapsed time spent in this place.
 B = Non-inter-level travel time spent in this place.
 C = Inter-level travel time spent in this place.
 D = Time resting spent in this place.
 E = Time spent auto-exploring this place.
 F = Levels seen in this place.
 G = Mean time per level.
                   A        B        C        D        E       F      G
               +--------+--------+--------+--------+--------+-----+--------+
         Total |    226 |    226 |      0 |      0 |    147 |   1 |  226.0 |
       Dungeon |    226 |    226 |      0 |      0 |    147 |   1 |  226.0 |
               +--------+--------+--------+--------+--------+-----+--------+

Top non-repeatable levels by time:
     D:1: 226 daAuts
